 Dungeon Crawl Stone Soup version 0.19.1 (webtiles) character file.

225098 Ladykiller69 the Shatterer (level 19, -5/213 HPs)
             Began as an Ogre Abyssal Knight on Dec 17, 2016.
             Was the Champion of Lugonu.
             Slain by a mana viper (15 damage)
             ... on level 4 of the Snake Pit on Dec 20, 2016.
             The game lasted 02:24:50 (39933 turns).

Ladykiller69 the Shatterer (Ogre Abyssal Knight)   Turns: 39933, Time: 02:24:50

Health: -5/213     AC: 29    Str: 20    XL:     19   Next: 71%
Magic:  21/30      EV: 20    Int: 13    God:    Lugonu [******]
Gold:   3483       SH:  0    Dex: 15    Spells: 0 memorised, 18 levels left

rFire  . . .     SeeInvis .     J - +9 giant spiked club (crush)
rCold  + . .     Gourm    .     V - +14 ice dragon scales "Ysuch" {rF- rC++ Slay+3}
rNeg   . . .     Faith    .     (shield currently unavailable)
rPois  +         Spirit   .     (helmet restricted)
rElec  .         Reflect  .     a - +0 cloak {rPois}
rCorr  .         Harm     .     (gloves unavailable)
MR     +....                    (boots unavailable)
Stlth  ..........               (no amulet)
                                Y - ring of fire
                                y - +5 ring of evasion

@: no status effects
A: unfitting armour, horns 1, clever 1, tough skin 1, weak 1, wild magic 1
a: Depart the Abyss, Bend Space, Banish, Corrupt, Enter the Abyss, Renounce
Religion


You were on level 4 of the Snake Pit.
You worshipped Lugonu.
Lugonu was exalted by your worship.
You were hungry.

You visited 6 branches of the dungeon, and saw 29 of its levels.
You visited the Abyss 2 times.
You also visited: Labyrinth, Ossuary and Ice Cave.

You collected 3840 gold pieces.
You spent 357 gold pieces at shops.

Inventory:

Hand Weapons
 E - the +4 whip "Asegon" {slash, +Rage rF+ SInv}
   (You found it on level 4 of the Dungeon)

   It inflicts extra damage upon your enemies.
   It protects you from fire.
   It lets you see invisible.
   It lets you go berserk.
 J - a +9 giant spiked club of crushing (weapon)
Missiles
 e - 14 large rocks
 l - 7 javelins (quivered)
 G - 7 javelins of penetration
 H - a throwing net
Armour
 a - a +0 cloak of poison resistance (worn)
 V - the +14 ice dragon scales "Ysuch" (worn) {rF- rC++ Slay+3}
   (You found it in an ice cave)

   It affects your accuracy and damage with ranged weapons and melee attacks
   (+3).
   It makes you vulnerable to fire.
   It greatly protects you from cold.
Jewellery
 h - an uncursed ring of protection from fire
 w - an uncursed ring of flight
 y - a +5 ring of evasion (left hand)
 I - an uncursed ring of see invisible
 O - a +3 amulet of reflection
 R - an uncursed ring of protection from cold
 W - an uncursed ring of teleportation
 Y - a ring of fire (right hand)
 Z - an uncursed ring of protection from cold
Wands
 r - a wand of hasting (2/9)
 N - a wand of digging (11/24)
Scrolls
 d - 8 scrolls of enchant armour
 i - 6 scrolls of teleportation
 n - a scroll of summoning
 o - 4 scrolls of blinking
 s - 7 scrolls of amnesia
 u - a scroll of silence
 v - 9 scrolls of remove curse
 D - a scroll of magic mapping
 K - 3 scrolls of recharging
 L - 2 scrolls of vulnerability
 M - a scroll of identify
 P - 4 scrolls of fog
 S - 3 scrolls of fear
 U - 2 scrolls of brand weapon
 X - 5 scrolls of noise
Potions
 b - 2 potions of berserk rage
 f - 4 potions of lignification
 g - 4 potions of cure mutation
 j - 3 potions of might
 k - a potion of agility
 m - 10 potions of curing
 q - 5 potions of heal wounds
 A - 2 potions of haste
 B - 7 potions of flight
 C - 2 potions of brilliance
 F - 5 potions of magic
 Q - 3 potions of cancellation
Books
 t - a book of Debilitation

   Spells                             Type                      Level
   a - Corona                         Hexes                        1
   b - Slow                           Hexes                        2
   c - Gell's Gravitas                Hexes/Translocation          3
   d - Inner Flame                    Hexes/Fire                   3
   e - Cause Fear                     Hexes                        4
   f - Leda's Liquefaction            Hexes/Earth                  4
Miscellaneous
 x - a fan of gales
 T - 2 phantom mirrors
Comestibles
 c - 7 bread rations
 p - 11 meat rations
 z - 15 fruits


   Skills:
 + Level 18.3 Fighting
 - Level 24.1 Maces & Flails
 + Level 10.7 Armour
 + Level 13.5 Dodging
 + Level 15.6 Invocations


You had 18 spell levels left.
You didn't know any spells.

Dungeon Overview and Level Annotations

Branches:
Dungeon (13/15)            Temple (1/1) D:6            Lair (6/6) D:10
  Swamp (0/4) Lair:2        Snake (4/4) Lair:2        Slime (0/5) Lair:5
    Orc (2/2) D:12            Elf (3/3) Orc:2
 Vaults: D:13-14

Altars:
Ashenzari
Cheibriados
Dithmenos
Elyvilon
Fedhas
Gozag
Hepliaklqana
Kikubaaqudgha
Makhleb
Nemelex Xobeh
Okawaru
Qazlal
Ru
Sif Muna
Trog
Uskayaw
Vehumet
Xom
Yredelemnul
Zin
The Shining One
Beogh
Jiyva

Shops:
D:10 (**?%   Orc:2 [(*:   Elf:1 }**[:   Elf:2 =*   Snake:1 ?

Portals:
Hell: Lair:6

Annotations:
D:3 feelmyfire's ghost, amateur DsAK


Innate Abilities, Weirdness & Mutations

You are too large for most types of armour.
You have tough skin. (AC +1)
You have a pair of small horns on your head.
Your mind is acute. (Int +2)
You are weak. (Str -2)
Your spells are a little harder to cast, but a little more powerful.


Message History

The black mamba bites you but does no damage.
The naga completely misses you. The black mamba bites you!
* * * LOW HITPOINT WARNING * * *
A guardian serpent comes into view.
The guardian serpent shouts!
The black mamba misses you. The black mamba bites you!
* * * LOW HITPOINT WARNING * * *
The guardian serpent casts a spell.
The shock serpent blinks!
The black mamba blinks!
The black mamba misses you.
The shock serpent completely misses you.
The naga closely misses you. x2; The black mamba bites you.
* * * LOW HITPOINT WARNING * * *
You are lethally poisoned!
The black mamba poisons you!
You feel better. The black mamba barely misses you. The mana viper bites you.
* * * LOW HITPOINT WARNING * * *
You feel your power leaking away. The black mamba misses you.
The black mamba completely misses you. x2
The mana viper bites you!
You die...

###.#
#......
#......
.......
.......##
........##
.........#
......SNS#
......S@S#
......SSS#
###.
........§#
...<
........##
###.
[.S.....#
..##
.......§.
...#
.........
...#
)........
..##
.........#


You could see a shock serpent, 2 mana vipers, a guardian serpent, 4 black mambas
and a naga.

Vanquished Creatures
  A bone dragon (Abyss:3)
  A lich (Abyss:3)
  3 deep elf blademasters
  A tentacled starspawn (Abyss:3)
  2 deep elf master archers (Elf:3)
  Frances (Snake:1)
  Kirke (Lair:4)
  2 fire giants (D:12)
  A frost giant (D:12)
  6 nagarajas
  Aizul (Snake:1)
  An orc warlord (Orc:2)
  5 deep elf sorcerers (Elf:3)
  7 deep elf elementalists (Elf:3)
  A stone giant (Orc:1)
  A war gargoyle (D:12)
  2 very ugly things (Abyss:3)
  3 deep elf demonologists
  6 deep elf annihilators (Elf:3)
  2 dire elephants (Lair:6)
  A minotaur (Lab)
  7 deep elf high priests (Elf:3)
  5 deep elf death magi
  7 naga warriors
  Fannar (D:10)
  5 hydras
  Erica (D:10)
  35 dancing weapons
  9 anacondas
  2 deep troll earth magi (D:12)
  The ghost of Ladykiller69 the Cleaver, a novice FoFi of Cheibriados (D:9)
  10 naga sharpshooters
  A sun demon (Lair:6)
  4 orc high priests
  5 shock serpents
  Urug (Lair:5)
  17 deep elf knights
  Nergalle (D:11)
  A salamander mystic (Snake:2)
  3 unseen horrors
  A sea snake (shapeshifter) (Elf:1)
  12 deep elf archers
  A hill giant (D:10)
  4 naga ritualists
  A wizard (Lair:6)
  An orb spider (shapeshifter) (D:12)
  3 orc sorcerers
  48 deep elf magi
  4 mana vipers
  5 orc knights
  4 ugly things
  6 salamanders
  22 black mambas
  20 elephants
  3 cyclopes
  A gargoyle (D:11)
  A smoke demon (Lair:6)
  2 rust devils (D:10)
  7 guardian serpents
  3 ice statues (IceCv)
  13 naga magi
  3 orange demons (Lair:6)
  2 rime drakes
  A torpor snail (Lair:5)
  2 efreet
  15 spiny frogs
  A freezing wraith (D:11)
  11 komodo dragons
  A hellwing (Lair:6)
  5 ice devils
  A harpy zombie (D:11)
  9 trolls
  2 polar bears
  2 hornets
  Prince Ribbit (D:5)
  16 blink frogs
  11 hippogriffs
  13 dream sheep
  2 soldier ants
  A redback (shapeshifter) (Elf:2)
  An air elemental (Elf:3)
  2 water elementals
  3 fire bats (Abyss:3)
  A wraith (D:12)
  3 wyverns
  3 large abominations
  Eustachio (D:5)
  28 yaks
  6 fire elementals
  5 basilisks
  4 vampire mosquitoes (D:11)
  Edmund (D:5)
  5 wargs
  43 nagas
  12 water moccasins
  2 hell hounds (Lair:6)
  Duvessa (D:5)
  A floating eye (D:11)
  6 porcupines
  34 orc warriors
  7 ice beasts
  2 black bears
  7 sky beasts
  11 ogres
  2 necrophages (D:11)
  4 phantoms
  An eye of draining (D:10)
  10 wolves (Lair:2)
  3 centaurs
  15 crocodiles
  16 bullfrogs
  7 earth elementals
  Dowan (D:5)
  5 scorpions
  A water moccasin skeleton (D:8)
  6 wights
  6 killer bees (D:10)
  5 howler monkeys
  An electric eel (Lair:3)
  4 centaur zombies
  7 hounds
  3 quasits
  5 crimson imps
  17 orc priests
  10 jellies
  4 bullfrog skeletons
  4 centaur skeletons
  4 iguanas
  Terence (D:2)
  Ijyb (D:3)
  22 orc wizards
  7 worker ants
  A big kobold zombie (Ossuary)
  3 hound zombies
  A mummy (Ossuary)
  A worker ant zombie (D:6)
  6 gnolls
  A howler monkey skeleton (D:5)
  21 adders
  A shadow imp (D:11)
  An ooze (Lair:5)
  An adder zombie (Ossuary)
  5 worms
  An adder skeleton (D:4)
  5 dart slugs
  7 leopard geckos
  79 orcs
  3 ball pythons
  6 giant cockroaches
  9 goblins
  6 hobgoblins
  12 jackals
  8 kobolds
  4 quokkas
  7 bats
  9 frilled lizards
  3 goblin zombies
  6 hobgoblin zombies (Ossuary)
  A jackal zombie (Ossuary)
  14 kobold zombies (Ossuary)
  10 orc zombies (Ossuary)
  A quokka skeleton (D:6)
  2 quokka zombies
  9 rats
  A bush (Lair:3)
  A crawling corpse (Elf:3)
  A fungus (Lair:3)
  3 plants
1037 creatures vanquished.

Vanquished Creatures (others)
  A catoblepas (Lair:2)
  A deep elf mage (Elf:1)
  An orange demon (Lair:6)
  A naga mage (Snake:4)
  A troll (D:10)
  A hornet (D:8)
  A blink frog (Lair:3)
  4 humans (Lair:4)
  A basilisk (Lair:2)
  A necrophage (D:10)
  A crocodile (Lair:2)
  An orc (Orc:2)
  A bush (Lair:3)
  17 fungi
  2 plants (Lair:3)
  6 starspawn tentacles (Abyss:3)
41 creatures vanquished.

Grand Total: 1078 creatures vanquished

Notes
Turn   | Place    | Note
-------+----------+-------------------------------------------
     0 | Abyss:1  | Ladykiller69 the Ogre Abyssal Knight began the quest for the Orb.
     0 | Abyss:1  | Reached XP level 1. HP: 24/24 MP: 2/2
    26 | D:1      | Escaped the Abyss
   110 | D:1      | Reached skill level 3 in Maces & Flails
   128 | D:1      | Reached XP level 2. HP: 27/32 MP: 3/3
   598 | D:1      | Reached ** piety under Lugonu
   771 | D:1      | Reached XP level 3. HP: 38/39 MP: 4/4
   858 | D:2      | Found a faded altar of an unknown god.
  1288 | D:2      | Reached XP level 4. HP: 18/49 MP: 6/6
  1660 | D:2      | Noticed Terence
  1678 | D:2      | Killed Terence
  1678 | D:2      | Reached skill level 4 in Maces & Flails
  2152 | D:3      | Noticed feelmyfire's ghost (amateur DsAK)
  2323 | D:3      | Reached XP level 5. HP: 55/55 MP: 7/7
  2404 | D:3      | Reached skill level 5 in Fighting
  2727 | D:3      | Reached *** piety under Lugonu
  2983 | D:3      | Reached skill level 5 in Maces & Flails
  3309 | D:3      | Reached XP level 6. HP: 59/66 MP: 8/8
  3500 | D:3      | Noticed Ijyb
  3507 | D:3      | Killed Ijyb
  3652 | D:4      | Found a sand-covered staircase.
  3659 | Ossuary  | Entered an ossuary
  3742 | Ossuary  | Reached **** piety under Lugonu
  4088 | Ossuary  | Reached skill level 6 in Maces & Flails
  4650 | D:4      | Reached XP level 7. HP: 50/74 MP: 9/9
  5097 | D:4      | Found a burning altar of Makhleb.
  5104 | D:4      | Got a crude whip
  5105 | D:4      | Identified the +4 whip "Asegon" {slash, +Rage rF+ SInv} (You found it on level 4 of the Dungeon)
  5364 | D:4      | Found a sparkling altar of Nemelex Xobeh.
  5431 | D:4      | Found a radiant altar of Vehumet.
  5624 | D:4      | Reached skill level 7 in Maces & Flails
  5796 | D:5      | Entered Level 5 of the Dungeon
  5829 | D:5      | Found a deep blue altar of Sif Muna.
  6014 | D:5      | Noticed Duvessa
  6014 | D:5      | Noticed Dowan
  6036 | D:5      | Killed Duvessa
  6036 | D:5      | Reached XP level 8. HP: 56/84 MP: 11/11
  6045 | D:5      | Killed Dowan
  6667 | D:5      | Reached skill level 8 in Maces & Flails
  6682 | D:5      | Reached skill level 5 in Invocations
  6684 | D:5      | Reached ***** piety under Lugonu
  6709 | D:5      | Noticed Edmund
  6737 | D:5      | Killed Edmund
  6985 | D:5      | Noticed a yak
  7035 | D:5      | Noticed Eustachio
  7056 | D:5      | Killed Eustachio
  7075 | D:5      | Reached skill level 9 in Maces & Flails
  7075 | D:5      | Reached skill level 5 in Dodging
  7184 | D:5      | Reached XP level 9. HP: 52/96 MP: 13/13
  7525 | D:5      | Noticed Prince Ribbit
  7540 | D:5      | Killed Prince Ribbit
  7956 | D:6      | Reached skill level 10 in Maces & Flails
  8319 | D:6      | Found a shimmering altar of Xom.
  8359 | D:6      | Found a staircase to the Ecumenical Temple.
  8424 | Temple   | Entered the Ecumenical Temple
  9043 | D:7      | Found an iron altar of Okawaru.
  9115 | D:7      | Reached skill level 11 in Maces & Flails
  9376 | D:7      | Found a snail-covered altar of Cheibriados.
  9773 | D:8      | Found an ancient bone altar of Kikubaaqudgha.
  9866 | D:7      | Reached XP level 10. HP: 41/107 MP: 15/15
 10203 | D:8      | Found a sparkling altar of Nemelex Xobeh.
 10674 | D:8      | Paralysed by a hornet for 2 turns
 10691 | D:8      | HP: 5/107 [poisoned by a soldier ant]
 11343 | D:8      | Found a hide-covered altar of Uskayaw.
 11600 | D:9      | Reached skill level 12 in Maces & Flails
 12024 | D:9      | Noticed Ladykiller69's ghost (novice FoFi)
 12161 | D:9      | Found a shattered altar of Ashenzari.
 12383 | D:9      | Found a hazy altar of Hepliaklqana.
 12388 | D:9      | Reached ****** piety under Lugonu
 12391 | D:9      | Found a sacrificial altar of Ru.
 12393 | D:9      | Found a shimmering altar of Xom.
 12470 | D:9      | Reached skill level 10 in Fighting
 13016 | D:10     | Entered Level 10 of the Dungeon
 13016 | D:10     | Found a staircase to the Lair.
 13063 | D:10     | Found Veonuune's Antique Weapon Shoppe.
 13203 | D:10     | Found Ujikeg's General Store.
 13320 | D:9      | Identified a +2 giant spiked club of distortion (a +0 giant spiked club corrupted by Lugonu)
 13320 | D:9      | Received a gift from Lugonu
 13360 | D:9      | Gained mutation: Your body sometimes deteriorates upon taking damage. [potion of mutation]
 13360 | D:9      | Gained mutation: You evolve. [potion of mutation]
 13360 | D:9      | Gained mutation: Scrolls take you a little longer to read. [potion of mutation]
 13416 | D:10     | Noticed Fannar
 13697 | D:9      | Lost mutation: You evolve. [evolution]
 13698 | D:9      | Lost mutation: Your body sometimes deteriorates upon taking damage. [potion of cure mutation]
 13698 | D:9      | Lost mutation: Scrolls take you a little longer to read. [potion of cure mutation]
 14385 | D:10     | Found Kasheq's Magic Scroll Emporium.
 14479 | D:10     | Found Ziutt's Food Emporium.
 14519 | D:10     | Found Qetiarux's General Store.
 14572 | D:10     | Noticed Erica
 15021 | D:10     | Noticed a hill giant
 15309 | D:10     | Reached skill level 13 in Maces & Flails
 15317 | D:9      | Reached XP level 11. HP: 58/119 MP: 17/17
 15479 | D:9      | Killed Ladykiller69's ghost
 15541 | D:10     | Killed Fannar
 15616 | D:10     | Reached skill level 1 in Armour
 15715 | D:10     | Killed Erica
 15816 | D:10     | Reached skill level 14 in Maces & Flails
 15926 | D:10     | Killed a hill giant
 16086 | D:11     | Noticed an unseen horror
 16093 | D:11     | Killed an unseen horror
 16095 | D:11     | Noticed Nergalle
 16125 | D:11     | Killed Nergalle
 16215 | D:11     | Reached XP level 12. HP: 54/130 MP: 18/18
 16572 | Lair:1   | Entered Level 1 of the Lair of Beasts
 16578 | Lair:1   | Reached skill level 15 in Maces & Flails
 16785 | Lair:1   | Found a frozen archway.
 16924 | IceCv    | Entered an ice cave
 17358 | IceCv    | Got bloodstained ice dragon scales
 17364 | IceCv    | Identified the +14 ice dragon scales "Ysuch" {rF- rC++ Slay+3} (You found it in an ice cave)
 17970 | Lair:2   | Found a staircase to the Swamp.
 18235 | Lair:2   | Noticed a catoblepas
 18489 | Lair:2   | Found a staircase to the Snake Pit.
 18514 | Lair:2   | Reached skill level 16 in Maces & Flails
 18643 | Lair:2   | Banished a catoblepas
 18643 | Lair:2   | Reached skill level 10 in Invocations
 18772 | Lair:3   | Reached XP level 13. HP: 124/141 MP: 20/20
 20165 | Lair:4   | Reached skill level 18 in Maces & Flails
 20317 | Lair:4   | Reached XP level 14. HP: 146/153 MP: 21/21
 20529 | Lair:4   | Noticed Kirke
 20556 | Lair:4   | Killed Kirke
 20567 | Lair:4   | Reached skill level 5 in Armour
 21127 | Lair:5   | Reached skill level 19 in Maces & Flails
 21170 | Lair:5   | Noticed Urug
 21182 | Lair:5   | Killed Urug
 21225 | Lair:5   | Identified Nisew's Tome of Clay and the Birds
 21539 | Lair:5   | Found a runed door.
 21542 | Lair:5   | Found a viscous altar of Jiyva.
 21562 | Lair:5   | Reached skill level 10 in Dodging
 21721 | Lair:6   | Entered Level 6 of the Lair of Beasts
 21732 | Lair:5   | Reached XP level 15. HP: 151/162 MP: 23/23
 22645 | Lair:6   | Cast into level 3 of the Abyss (a wizard)
 22796 | Abyss:3  | Noticed a bone dragon
 22960 | Abyss:3  | Noticed a lich
 22963 | Abyss:3  | Noticed a balrug
 22971 | Abyss:3  | Noticed a tentacled starspawn
 22979 | Abyss:3  | Killed a lich
 22979 | Abyss:3  | Reached skill level 20 in Maces & Flails
 22991 | Abyss:3  | Killed a bone dragon
 22999 | Abyss:3  | Killed a tentacled starspawn
 23001 | Lair:6   | Escaped the Abyss
 23322 | Lair:6   | Found a burning altar of Makhleb.
 23656 | Lair:6   | Found a gateway to Hell.
 23836 | Lair:5   | Found a staircase to the Slime Pits.
 24293 | D:11     | Paralysed by a floating eye for 3 turns
 24528 | D:12     | Reached XP level 16. HP: 168/174 MP: 25/25
 24613 | D:12     | Found a staircase to the Orcish Mines.
 24779 | D:12     | Reached skill level 15 in Fighting
 24996 | D:12     | Found a labyrinth entrance.
 25004 | Lab      | Entered a labyrinth
 26868 | Orc:1    | Entered Level 1 of the Orcish Mines
 27030 | Orc:2    | Entered Level 2 of the Orcish Mines
 27116 | Orc:1    | Reached skill level 21 in Maces & Flails
 27194 | Orc:2    | Found Ade Addo's Antique Armour Shop.
 27222 | Orc:2    | Bought an embroidered cloak for 357 gold pieces
 27287 | Orc:2    | Found a staircase to the Elven Halls.
 27327 | Orc:2    | Found a roughly hewn altar of Beogh.
 27711 | Orc:2    | Found Fizycrist's Antique Weapon Shop.
 28070 | Orc:2    | Found Jadwinla's General Store.
 28117 | Orc:2    | Found Cibrulue's Book Shoppe.
 28295 | Elf:1    | Entered Level 1 of the Elven Halls
 28627 | Elf:1    | Gained mutation: You are weak. (Str -2) [a neqoxec]
 28643 | Elf:1    | Found Omack's Book Shoppe.
 28685 | Elf:1    | Found Roril's Armour Shoppe.
 28823 | Elf:1    | Found Pylid's General Store.
 29250 | Elf:1    | Reached XP level 17. HP: 167/187 MP: 26/26
 29519 | Elf:1    | Found Wompol's Gadget Emporium.
 29743 | Elf:1    | Found Nopeotee's General Store.
 29943 | Elf:1    | Reached skill level 22 in Maces & Flails
 30340 | Elf:2    | Found Jymeil's Jewellery Boutique.
 30592 | Elf:2    | Found a huge runed gate.
 30592 | Elf:2    | Found a huge runed gate.
 30592 | Elf:2    | Found a huge runed gate.
 30602 | Elf:2    | Found a huge runed gate.
 30603 | Elf:2    | Found a huge runed gate.
 30664 | Elf:2    | Found Ziewyji's Assorted Antiques.
 30924 | Elf:2    | Gained mutation: Your spells are a little harder to cast, but a little more powerful. [potion of mutation]
 30924 | Elf:2    | Gained mutation: You have a pair of small horns on your head. [potion of mutation]
 30924 | Elf:2    | Gained mutation: Your mind is acute. (Int +2) [potion of mutation]
 31073 | Elf:2    | Noticed a deep elf blademaster
 31083 | Elf:2    | Killed a deep elf blademaster
 32609 | Elf:3    | Entered Level 3 of the Elven Halls
 32753 | Elf:3    | Reached XP level 18. HP: 184/198 MP: 28/28
 32805 | Elf:3    | Noticed a deep elf blademaster
 32815 | Elf:3    | Killed a deep elf blademaster
 32856 | Elf:3    | Reached skill level 23 in Maces & Flails
 33420 | Elf:3    | Noticed a deep elf master archer
 33430 | Elf:3    | Noticed a deep elf blademaster
 33433 | Elf:3    | Noticed a deep elf master archer
 34420 | Elf:3    | Killed a deep elf blademaster
 34726 | Elf:3    | Killed a deep elf master archer
 35324 | Elf:3    | Killed a deep elf master archer
 36101 | Snake:1  | Entered Level 1 of the Snake Pit
 36364 | Snake:1  | Found a deep blue altar of Sif Muna.
 36392 | Snake:1  | Found Myerch's Magic Scroll Shoppe.
 36590 | Snake:1  | Noticed Frances
 36599 | Snake:1  | Killed Frances
 36599 | Snake:1  | Reached skill level 10 in Armour
 36743 | Snake:1  | Noticed Aizul
 36749 | Snake:1  | Killed Aizul
 37013 | Snake:2  | Reached XP level 19. HP: 203/209 MP: 30/30
 37446 | Snake:2  | Reached skill level 15 in Invocations
 37558 | Snake:2  | Reached skill level 24 in Maces & Flails
 39382 | Snake:4  | Entered Level 4 of the Snake Pit
 39928 | Snake:4  | HP: 7/213 [mana viper (9)]
 39932 | Snake:4  | HP: 1/213 [black mamba (5)]
 39933 | Snake:4  | Slain by a mana viper

Skill      XL: |  1  2  3  4  5  6  7  8  9 10 11 12 13 14 15 16 17 18 19 |
---------------+----------------------------------------------------------+-----
Maces & Flails | 3 4 5 6 7 9 11 13 14 16 18 19 20 21 22 23 24 | 24.1
Invocations    | 3 4 5 6 8 9 10 11 12 13 14 15 | 15.6
Dodging        | 3 4 5 6 7 8 9 10 11 12 13 | 13.5
Fighting       | 5 6 7 9 10 11 12 13 14 15 16 17 18 | 18.3
Armour         | 2 4 5 7 8 9 10 | 10.7

Action                   |  1- 3 |  4- 6 |  7- 9 | 10-12 | 13-15 | 16-18 | 19-21 || total
-------------------------+-------+-------+-------+-------+-------+-------+-------++-------
Melee: Mace              |   101 |   322 |    35 |       |       |       |       ||   458
       Whip              |       |       |   395 |   272 |       |       |       ||   667
       Giant spiked club |       |       |       |   364 |   605 |   963 |   341 ||  2273
       Headbutt          |       |       |       |       |       |    84 |    72 ||   156
Throw: Javelin           |       |       |    11 |    13 |    14 |       |       ||    38
Invok: Bend Space        |       |     1 |       |       |       |       |       ||     1
       Brand Weapon With |       |       |       |     1 |       |       |       ||     1
Evoke: Wand              |       |       |       |     2 |     1 |       |       ||     3
  Use: Potion            |       |     2 |       |     2 |     1 |     2 |     3 ||    10
       Scroll            |       |       |       |    22 |    12 |    10 |     4 ||    48
 Stab: Petrified         |       |       |       |     2 |       |       |       ||     2
  Eat: Chunk             |     1 |     8 |    16 |    30 |    17 |     9 |     3 ||    84
       Bread ration      |       |     1 |       |       |       |     4 |     1 ||     6
       Royal jelly       |       |       |       |       |       |     6 |       ||     6
       Beef jerky        |       |       |       |       |       |     1 |     1 ||     2
Armor: Robe              |    25 |    82 |    46 |    41 |       |       |       ||   194
       Troll leather arm |       |       |       |    59 |       |       |       ||    59
       Ice dragon scales |       |       |       |    33 |   371 |   372 |   163 ||   939
Dodge: Dodged            |    54 |   163 |   142 |   301 |   316 |   556 |   362 ||  1894
Block: Other             |       |       |       |     7 |    62 |    78 |       ||   147
       Reflection        |       |       |       |     1 |       |     7 |       ||     8
